 Dungeon Crawl Stone Soup version 0.18-a0-1225-g5d63bca (webtiles) character file.

37 M4edhros the Charlatan (level 3, 0/23 HPs)
             Began as an Octopode Artificer on Feb 3, 2016.
             Slain by Natasha (6 damage)
             ... on level 3 of the Dungeon.
             The game lasted 00:01:31 (921 turns).

M4edhros the Charlatan (Octopode Artificer)          Turns: 921, Time: 00:01:31

Health: 0/23       AC:  1    Str: 10    XL:     3   Next: 39%
Magic:  5/5        EV: 12    Int: 15    God:
Gold:   42         SH:  0    Dex: 12    Spells: 0 memorised, 2 levels left

rFire  . . .     SeeInvis .     a - +0 short sword
rCold  . . .     Gourm    .     (no shield)
rNeg   . . .     Faith    .     (helmet restricted)
rPois  .         Spirit   .     (no amulet)
rElec  .         Dismiss  .     (no ring)
rCorr  .         Reflect  .     (no ring)
SustAt .         Harm     .     (no ring)
MR     .....                    (no ring)
Stlth  +++.......               (no ring)
                                (no ring)
                                (no ring)
                                (no ring)

@: not resistant to hostile enchantments, fairly stealthy
A: almost no armour, amphibious, 8 rings, constrict 8, camouflage 1, gelatinous
body 1
a: no special abilities


You were on level 3 of the Dungeon.
You were not hungry.

You visited 1 branch of the dungeon, and saw 3 of its levels.

You collected 42 gold pieces.

Inventory:

Hand Weapons
 a - a +0 short sword (weapon)
Missiles
 g - 17 stones (quivered)
Wands
 b - a wand of flame (14/48)
 c - a wand of enslavement (14/24)
 d - a wand of random effects (15/48)
Scrolls
 e - a scroll of identify {unknown}
 i - a scroll of fog {unknown}
 l - a scroll of teleportation {unknown}
 n - a scroll of remove curse {unknown}
Potions
 h - a potion of agility {unknown}
 j - a potion of might {unknown}
 k - a potion of brilliance {unknown}
 m - a potion of resistance {unknown}
Comestibles
 f - 2 bread rations


   Skills:
 - Level 1.0 Fighting
 - Level 1.0 Short Blades
 * Level 2.7 Dodging
 * Level 3.2 Stealth
 + Level 3.5 Evocations


You had 2 spell levels left.
You didn't know any spells.

Dungeon Overview and Level Annotations

Branches:
Dungeon (3/15)

Altars:

Annotations:
D:3 Natasha


Innate Abilities, Weirdness & Mutations

You cannot wear most types of armour.
You are amphibious.
You can wear up to eight rings at the same time.
You can use your tentacles to constrict eight enemies at once.
Your skin changes colour to match your surroundings (Stealth).
Your rubbery body absorbs attacks (AC +1).


Message History

n - a scroll labeled TAILIUH IPTAU Natasha hisses angrily.
Natasha claws you!
You hit Natasha. You grab Natasha.
Natasha is moderately wounded.
You constrict Natasha. Natasha claws you.
You hit Natasha but do no damage.
Natasha is moderately wounded.
You constrict Natasha. Natasha barely misses you.
You hit Natasha. You squeeze Natasha, but do no damage.
Natasha is heavily wounded.
You constrict Natasha, but do no damage.
Natasha stares at you and mumbles some strange words.
The magic dart hits you!
* * * LOW HITPOINT WARNING * * *
You are too injured to fight recklessly!
You hit Natasha but do no damage.
Natasha is heavily wounded.
You constrict Natasha. Natasha claws you.
You die...

...........)....#
#......8.......# ...#.
#..†.................. #
#.###.....###........ .
#.
#..#...#..##.###..#.## #
#...#...#)..#.#
#..#..##.
#<.##...##.<#.#
#........ ###
#....####h###.....#
......#.#....@.......#
#######.#.##.#.......#
......(..........#......
#######.#.##.#####......
#.#.##.# #.##. #.#.##.#
.# #....?.. . ###..... #
#.##.##


You could see Natasha.

Vanquished Creatures
  A gnoll (D:2)
  An adder (D:2)
  3 goblins
  3 hobgoblins
  3 jackals (D:1)
  2 bats
  2 kobolds
  2 rats (D:1)
17 creatures vanquished.

Vanquished Creatures (collateral kills)
  A goblin (D:2)
1 creature vanquished.

Grand Total: 18 creatures vanquished

Notes
Turn   | Place    | Note
--------------------------------------------------------------
     0 | D:1      | M4edhros the Octopode Artificer began the quest for the Orb.
     0 | D:1      | Reached XP level 1. HP: 13/13 MP: 3/3
   243 | D:1      | Reached XP level 2. HP: 13/18 MP: 4/4
   579 | D:2      | Reached XP level 3. HP: 20/23 MP: 5/5
   911 | D:3      | Noticed Natasha
   921 | D:3      | Slain by Natasha

Vault maps used:
D:1:      minmay_arrival_diagonal_passages
D:2:      grunt_temple_overflow_open, first_bread, serial_forest,
          infiniplex_forest_clump_C, infiniplex_forest_clump_curved,
          infiniplex_forest_3_way, infiniplex_forest_join,
          infiniplex_forest_clump_small
D:3:      grunt_ministairs_6, uniq_robin, uniq_natasha

Action                   || total
-------------------------++-------
Melee: Short sword       ||    36
Evoke: Wand              ||     2
 Stab: Sleeping          ||     4
